 Dungeon Crawl Stone Soup version 0.24.0-37-gcf1ca852f1 (webtiles) character file.

Game seed: 12745994306679163563, levelgen mode: deterministic

88 Ahmontep the Magician (level 4, -15/30 HPs)
             Began as a Mummy Wizard on Dec 4, 2019.
             Blown up by Ijyb (33 damage)
             ... with a disintegration bolt
             ... on level 3 of the Dungeon.
             The game lasted 00:09:53 (2354 turns).

Ahmontep the Magician (Mummy Wizard)                Turns: 2354, Time: 00:09:53

Health: -15/30     AC:  3    Str: 10    XL:     4   Next: 29%
Magic:  1/10       EV: 12    Int: 18    God:
Gold:   62         SH:  0    Dex: 10    Spells: 0/11 levels left

rFire    x . .     SeeInvis .   f - -2 spear (curse)
rCold    + . .     Gourm    .   (no shield)
rNeg     + + +     Faith    .   a - +0 robe
rPois    ∞         Spirit   .   b - +0 hat
rElec    .         Reflect  .   (no cloak)
rCorr    .         Harm     .   i - +0 pair of gloves
MR       .....                  (no boots)
Stlth    ++........             (no amulet)
HPRegen  0.10/turn              (no ring)
MPRegen  0.12/turn              (no ring)

@: no status effects
A: no food or potions, fire vulnerability, cold resistance 1, negative energy
resistance 3, torment resistance, unbreathing
a: no special abilities


You were on level 3 of the Dungeon.
You were not hungry.

You visited 1 branch of the dungeon, and saw 3 of its levels.

You collected 62 gold pieces.

Inventory:

Hand Weapons
 f - a cursed -2 spear (weapon)
 h - a +0 flail of protection
 k - a cursed -1 quarterstaff
Armour
 a - a +0 robe (worn)
 b - a +0 hat (worn)
 i - a +0 pair of gloves (worn)
Jewellery
 c - an uncursed ring of fire {unknown}
 j - a +3 amulet of reflection
Scrolls
 d - 2 scrolls of identify {unknown}
 e - a scroll of amnesia {unknown}
 g - a scroll of immolation {unknown}
 l - a scroll of teleportation {unknown}
 m - a scroll of enchant weapon {unknown}


   Skills:
 - Level 1.5 Dodging
 - Level 1.5 Stealth
 - Level 4.0 Spellcasting
 + Level 3.3 Conjurations
 + Level 0.7 Summonings
 - Level 1.0 Translocations
 + Level 0.1 Fire Magic
 + Level 0.1 Air Magic
 + Level 0.1 Poison Magic


You couldn't memorise any spells.
You knew the following spells:

 Your Spells              Type           Power        Failure   Level  Hunger
a - Magic Dart            Conj           ###.         3%          1    N/A
b - Call Imp              Summ           #.......     16%         2    N/A
c - Blink                 Tloc           N/A          14%         2    N/A
d - Mephitic Cloud        Conj/Pois/Air  #.......     26%         3    N/A
e - Conjure Flame         Conj/Fire      #.......     22%         3    N/A

Your spell library contained the following spells:

 Spells                   Type           Power        Failure   Level  Hunger
 Slow                     Hex            #.......     22%         2    N/A

Dungeon Overview and Level Annotations

Branches:
Dungeon (3/15)

Altars:

Annotations:
D:2 Sigmund
D:3 Ijyb


Innate Abilities, Weirdness & Mutations

You do not eat or drink.
Your flesh is vulnerable to fire.
You are immune to poison.
Your flesh is cold resistant. (rC+)
You are immune to negative energy. (rN+++)
You are immune to unholy pain and torment.
You can survive without breathing.


Message History

Anything else - Cancel.
Gang up on whom?
Press: ? - help, Dir - move target cursor, f/p - Ijyb
Aim: Ijyb, wielding a +4 dagger of pain, wearing a +0 scale mail and carrying a wand of disintegration (15) (moderately wounded) Attack!
Your white imp gestures at Ijyb.
The puff of frost hits Ijyb.
Your crimson imp hits Ijyb but does no damage.
Ijyb zaps a wand.
Your white imp is blasted!!
Your white imp is blown up!
What are your orders? t - Shout!
Orders for allies: a - Attack new target. r - Retreat! s - Stop attacking. g - Guard the area. f - Follow me.
Anything else - Cancel.
Okay, then.
Ijyb zaps a wand.
You are blasted!
Ouch! That really hurt!
You die...

##.##.#..####.#.#.#.<##
#.# ...
...........##.#....)..
..# ...
##.#...##.##.###......
### #.. #.........#
###### #..)
##..#.#.#.##
##...###...#.#.#.#
....>..........#.#
..#.#.....##.###.#
#...#.###%.###@#
#.....>#.#.#.....#
#......##.##g#####
#...... ####.# #......
#g# ....... ##5##
####### #...# #.<##
#.##


You could see Ijyb.

Vanquished Creatures
  A gnoll (D:1)
  3 dart slugs
  3 giant cockroaches
  4 goblins
  3 hobgoblins
  3 kobolds
  A quokka (D:3)
  5 bats
  6 frilled lizards
  5 rats
34 creatures vanquished.

Vanquished Creatures (collateral kills)
  7 gnolls (D:2)
  A worm (D:2)
  2 goblins (D:2)
  4 jackals
14 creatures vanquished.

Grand Total: 48 creatures vanquished

Notes
Turn   | Place    | Note
-------+----------+-------------------------------------------
     0 | D:1      | Ahmontep the Mummy Wizard began the quest for the Orb.
     0 | D:1      | Reached XP level 1. HP: 13/13 MP: 5/5
    39 | D:1      | Reached skill level 1 in Conjurations
   489 | D:1      | Reached XP level 2. HP: 19/19 MP: 5/7
  1092 | D:2      | Learned a level 2 spell: Call Imp
  1095 | D:2      | Learned a level 2 spell: Blink
  1357 | D:1      | Reached XP level 3. HP: 8/24 MP: 2/8
  1690 | D:2      | Reached XP level 4. HP: 30/30 MP: 1/10
  1798 | D:2      | Learned a level 3 spell: Mephitic Cloud
  1802 | D:2      | Learned a level 3 spell: Conjure Flame
  2064 | D:2      | Noticed Sigmund
  2180 | D:3      | Reached skill level 1 in Translocations
  2328 | D:3      | Noticed Ijyb
  2354 | D:3      | Blown up by Ijyb

Levels and vault maps discovered:
D:1:      lemuel_arrival_rhombus, layout_basic
D:2:      layout_rooms, first_ration, st_stairs_13, uniq_sigmund
D:3:      layout_loops_cross, chequers_ecumenical_altar_island, uniq_terence,
          uniq_ijyb

Skill      XL: |  1  2  3  4 |
---------------+-------------+-----
Conjurations   | 1 2 3 |  3.3
Translocations | 1 |  1.0
Dodging        | |  1.5
Stealth        | |  1.5
Spellcasting   | |  4.0
Summonings     | |  0.7
Fire Magic     | |  0.1
Air Magic      | |  0.1
Poison Magic   | |  0.1

Action                   |  1- 3 |  4- 6 || total
-------------------------+-------+-------++-------
Melee: Spear             |     5 |     4 ||     9
       Unarmed           |     1 |       ||     1
 Cast: Magic Dart        |    52 |    24 ||    76
       Call Imp          |    13 |     7 ||    20
Armor: Robe              |     5 |     1 ||     6
Dodge: Dodged            |    24 |     5 ||    29
